AoeStats
← 17_Neo_

Arabia

503997617Analyzed
1v1 RM · 29d ago on Sep 3, 2026· 30m 19s· 2 players
Game mode
Random Map
Map size
Tiny (2 player)
Population
200
Speed
Normal
Resources
Standard
Victory
Conquest
Starting age
Dark Age
Ending age
Imperial Age
RankedLock teamsTeams togetherTeam positionsShared explorationLock speedFull tech treeHidden civsTurbo modeCheats
Victory
Defeat
🇨🇴 Maya · Colombia
1739
+17
🇦🇷 Spanish · Argentina
1757
-17
17_Neo_
0:33 Loom
11:59 Feudal Age
13:25 Double-Bit Axe
16:02 Castle Age
15:06 Fletching
15:30 Fletching
16:48 Bodkin Arrow
17:41 Padded Archer Armor
18:26 Ballistics
28:38 Town Watch
30:46 Leather Archer Armor
Enarmonia
7:55 Loom
10:12 Feudal Age
14:28 Castle Age
14:42 Horse Collar
20:42 Horse Collar
22:36 Padded Archer Armor
24:14 Fletching
25:51 Elite Skirmisher
27:41 Ballistics
27:21 Bodkin Arrow
Connection lost

Rejoining the realm…

Still unreachable

The connection could not be restored.

Session expired

The server has moved on; the page needs a fresh start.